 Dungeon Crawl Stone Soup version 0.28.0-53-g5a82cb258f (webtiles) character file.

Game seed: 8284892291504848739

63 Gabide the Poker (level 4, 0/29 HPs)
             Began as a Tengu Monk on June 17, 2022.
             Succumbed to a gnoll's poison
             ... on level 2 of the Dungeon.
             The game lasted 00:01:11 (986 turns).

Gabide the Poker (Tengu Monk)                        Turns: 986, Time: 00:01:12

Health: 0/29       AC:  3    Str: 12    XL:     4   Next: 9%
Magic:  3/5        EV: 13    Int: 10    God:
Gold:   39         SH:  0    Dex: 18    Spells: 3/3 levels left

rFire   . . .      SeeInvis .   a - +0 spear
rCold   . . .      Faith    .   (no shield)
rNeg    . . .      Spirit   +   g - +0 leather armour
rPois   .          Reflect  .   (helmet restricted)
rElec   .          Harm     .   (no cloak)
rCorr   .          Rampage  .   (no gloves)
Will    .....                   (boots unavailable)
Stlth   ++........              f - amulet of guardian spirit
HPRegen 0.09/turn               (no ring)
MPRegen 0.09/turn               (no ring)

@: lethally poisoned (0 -> -21)
A: beak, talons 3
a: no special abilities


You were on level 2 of the Dungeon.
You visited 1 branch of the dungeon, and saw 2 of its levels.

You collected 39 gold pieces.

Inventory:

Hand Weapons
 a - a +0 spear (weapon)
Missiles
 h - 5 javelins (quivered)
Armour
 g - a +0 leather armour (worn)
Jewellery
 f - an amulet of guardian spirit (around neck)
Scrolls
 d - a scroll of immolation {unknown}
Potions
 b - a potion of magic


   Skills:
 + Level 3.7 Fighting
 + Level 4.1 Polearms
 + Level 4.1 Dodging
 - Level 2.0 Stealth


You had 3 spell levels left.
You didn't know any spells.
Your spell library contained the following spells:

 Spells                   Type           Power      Damage    Failure   Level
 Inner Flame              Hex/Fire       0%         N/A       82%         3
 Cause Fear               Hex            0%         N/A       99%         4
 Discord                  Hex            0%         N/A       100%        8


Dungeon Overview and Level Annotations

Branches:
Dungeon (2/15)

Altars:


Innate Abilities, Weirdness & Mutations

You have a beak for a mouth.
You have claws for feet.


Message History

You are too injured to fight recklessly!
You are too injured to fight recklessly!
You are too injured to fight recklessly!
You are too injured to fight recklessly!
You are too injured to fight recklessly!
You are too injured to fight recklessly!
You are too injured to fight recklessly!
The gnoll hits you with a +0 club.
* * * LOW HITPOINT WARNING * * *
The gnoll closely misses you.
You hit the gnoll but do no damage. You claw the gnoll.
You kill the gnoll!
The gnoll throws a poisoned dart.
The poisoned dart hits you!
You are lethally poisoned!
You have reached level 4!
You feel stronger.
You are confused.
You feel invigorated.
You feel very sick.
You bump into the rock wall.
You feel sick.
You hit the gnoll. Your kick misses the gnoll.
The gnoll is lightly wounded.
You feel sick. The gnoll misses you.
You bump into the rock wall.
You feel sick. The gnoll misses you. The gnoll hits you with a +0 club.
You barely miss the gnoll. Your kick misses the gnoll.
The gnoll is lightly wounded.
You feel less invigorated.
You feel less confused.
You feel sick.
The gnoll hits you from afar with a +0 spear.
The gnoll hits you with a +0 club.
You feel sick.
You feel sick.
The gnoll throws a poisoned dart.
The poisoned dart hits you!
You are lethally poisoned!
* * * LOW HITPOINT WARNING * * *
You feel very sick.
The gnoll throws a poisoned dart.
The poisoned dart hits you!
You are more poisoned.
You die...

### ### #.. #.#
#..########################.#
#......gg...@........)......#
#...#######################.#
#..g.....# #.. #..)g###.# #.#
#..).# #.# #....# ### #.#
#....# #.# ##.# #....# #.#
#... #....# #.# #...


You could see 2 gnolls.

Vanquished Creatures
  2 gnolls (D:2)
  An adder (D:2)
  A worm (D:2)
  A dart slug (D:1)
  3 ball pythons
  An endoplasm (D:1)
  4 goblins
  4 hobgoblins (D:1)
  2 jackals (D:1)
  2 kobolds (D:2)
  2 quokkas (D:1)
  2 bats (D:1)
  5 rats (D:1)
30 creatures vanquished.

Notes
Turn   | Place    | Note
-------+----------+-------------------------------------------
     0 | D:1      | Gabide the Tengu Monk began the quest for the Orb.
     0 | D:1      | Reached XP level 1. HP: 14/14 MP: 2/2
   313 | D:1      | Reached XP level 2. HP: 19/19 MP: 3/3
   584 | D:1      | Reached XP level 3. HP: 23/23 MP: 4/4
   978 | D:2      | Reached XP level 4. HP: 9/29 MP: 2/5
   986 | D:2      | Succumbed to a gnoll's poison

Illustrated notes

Levels and vault maps discovered:
D:1:      psy_arrival_dodecagon, layout_basic, hangedman_decor_growths
D:2:      layout_basic, serial_shops, shop, minmay_fractal_squares_gapless_5

Skill      XL: |  1  2  3 |
---------------+----------+-----
Polearms       | 4 |  4.1
Dodging        | 4 |  4.1
Fighting       | |  3.7
Stealth        | |  2.0

Action                   |  1- 3 |  4- 6 || total
-------------------------+-------+-------++-------
Melee: Spear             |    78 |     2 ||    80
       Peck              |    10 |       ||    10
       Kick              |    14 |       ||    14
       Punch             |     1 |       ||     1
  Use: Scroll            |     2 |       ||     2
       Potion            |       |     1 ||     1
 Stab: Sleeping          |     7 |       ||     7
       Distracted        |     2 |       ||     2
Armor: Robe              |     1 |       ||     1
       Leather armour    |     3 |       ||     3
Dodge: Dodged            |    20 |     2 ||    22
